AoeStats
← iAlejandrouae

Hill Fort

506148507Analyzed
4v4 RM · 20d ago on Sep 12, 2026· 49m 51s· 8 players
Game mode
Random Map
Map size
Large (8 player)
Population
200
Speed
Normal
Resources
Standard
Victory
Conquest
Starting age
Dark Age
Ending age
Imperial Age
RankedLock teamsTeams togetherTeam positionsShared explorationLock speedFull tech treeHidden civsTurbo modeCheats
Victory
Defeat
🇬🇧 Ethiopians · United Kingdom
1642
+12
🇦🇷 Spanish · Argentina
1587
+14
🇮🇳 Tupi · India
1586
+14
🇨🇳 Mongols · China
1523
+18
🇨🇭 Cumans · Switzerland
1582
-15
🇨🇦 Mongols · Canada
1560
-15
🇹🇼 Teutons · Taiwan
1545
-14
🇹🇼 Magyars · Taiwan
1528
-14
juanmar983
9:18 Loom
11:28 Feudal Age
16:09 Castle Age
14:26 Fletching
14:48 Horse Collar
15:07 Double-Bit Axe
16:33 Horse Collar
20:12 Bow Saw
20:31 Bodkin Arrow
22:01 Ballistics
22:48 Wheelbarrow
24:29 Heavy Plow
24:52 Husbandry
30:34 Gold Mining
30:38 Stone Mining
35:42 Imperial Age
33:46 Bloodlines
33:47 Town Watch
35:50 Hand Cart
35:43 Padded Archer Armor
36:25 Stone Shaft Mining
36:03 Elite Mangudai
37:02 Bracer
37:49 Leather Archer Armor
39:03 Onager
41:54 Chemistry
Smiley
8:56 Feudal Age
10:36 Double-Bit Axe
10:31 Horse Collar
11:08 Loom
18:38 Wheelbarrow
20:15 Fletching
23:42 Castle Age
22:26 Scale Barding Armor
22:59 Bloodlines
23:44 Gold Mining
25:30 Chain Barding Armor
26:46 Forging
29:37 Town Watch
30:09 Stone Mining
31:26 Iron Casting
35:33 Imperial Age
36:11 Cavalier
37:27 Plate Barding Armor
37:53 Blast Furnace
36:40 Town Watch
37:32 Conscription
40:11 Bodkin Arrow
40:16 Padded Archer Armor
39:40 Capped Ram
39:44 Onager
40:48 Bow Saw
41:43 Elite Skirmisher
不疾不徐
5:43 Loom
8:27 Feudal Age
10:01 Fletching
11:30 Double-Bit Axe
13:50 Town Watch
13:58 Horse Collar
24:19 Castle Age
22:53 Double-Bit Axe
25:33 Wheelbarrow
25:12 Bow Saw
25:03 Heavy Plow
32:00 Gold Mining
32:00 Stone Mining
37:14 Imperial Age
36:01 Coinage
35:42 Scale Barding Armor
35:47 Forging
37:10 Chain Barding Armor
37:59 Iron Casting
37:45 Bloodlines
37:53 Caravan
37:20 Cavalier
38:42 Paladin
40:58 Plate Barding Armor
41:24 Blast Furnace
42:23 Conscription
44:33 Bodkin Arrow
45:36 Crenellations
戒賭胖
6:24 Loom
8:49 Feudal Age
9:38 Double-Bit Axe
16:28 Wheelbarrow
16:52 Loom
19:49 Castle Age
18:49 Bloodlines
18:32 Fletching
19:37 Padded Archer Armor
19:32 Gold Mining
20:00 Horse Collar
20:30 Bodkin Arrow
20:46 Husbandry
24:19 Ballistics
31:32 Leather Archer Armor
32:18 Thumb Ring
35:24 Bow Saw
42:03 Imperial Age
40:08 Elite Skirmisher
43:16 Parthian Tactics
43:01 Bracer
44:09 Chemistry
47:52 Recurve Bow
48:48 Conscription
iAlejandrouae
9:11 Loom
10:57 Feudal Age
19:51 Castle Age
18:21 Horse Collar
18:30 Double-Bit Axe
21:25 Bow Saw
23:09 Padded Archer Armor
23:08 Town Watch
31:44 Bloodlines
31:34 Husbandry
32:49 Wheelbarrow
32:17 Fletching
33:23 Gold Mining
36:07 Bodkin Arrow
36:34 Hand Cart
38:03 Ballistics
38:53 Leather Archer Armor
40:27 Heavy Plow
43:00 Imperial Age
41:55 Heavy Plow
42:31 Stone Mining
43:01 Elite Conquistador
44:13 Ring Archer Armor
45:49 Chemistry
45:37 Guilds
46:28 Caravan
46:51 Bracer
47:51 Conscription
kerwin
10:49 Feudal Age
9:59 Loom
15:11 Castle Age
13:21 Double-Bit Axe
15:15 Wheelbarrow
14:41 Horse Collar
15:33 Gold Mining
16:25 Bow Saw
17:56 Fletching
19:03 Bodkin Arrow
20:56 Town Watch
23:48 Ballistics
26:44 Padded Archer Armor
27:43 Leather Archer Armor
34:42 Imperial Age
33:04 Wheelbarrow
35:33 Hand Cart
35:25 Bracer
36:27 Chemistry
35:59 Curare
36:28 Conscription
36:55 Elite Blackwood Archer
39:06 Ring Archer Armor
38:37 Scale Mail Armor
38:17 Pikeman
38:57 Squires
38:43 Arson
39:41 Forging
39:40 Halberdier
40:44 Caravan
41:14 Coinage
41:46 Chain Mail Armor
42:06 Iron Casting
42:23 Heavy Plow
42:14 Stone Mining
43:00 Gold Shaft Mining
43:25 Two-Man Saw
43:23 Plate Mail Armor
JustAGecko
6:14 Loom
8:40 Feudal Age
8:41 Man-at-Arms
9:09 Double-Bit Axe
15:50 Fletching
18:32 Horse Collar
20:29 Wheelbarrow
20:15 Gold Mining
23:14 Castle Age
24:10 Bodkin Arrow
23:36 Crossbowman
28:46 Imperial Age
27:02 Bow Saw
27:39 Ballistics
29:35 Bracer
30:37 Chemistry
29:13 Arbalester
33:00 Padded Archer Armor
45:53 Thumb Ring
46:22 Squires
46:46 Long Swordsman
47:13 Halberdier
47:57 Scale Mail Armor
第一滴血
9:43 Feudal Age
13:19 Castle Age
12:52 Double-Bit Axe
12:48 Horse Collar
14:19 Loom
22:16 Wheelbarrow
23:40 Bow Saw
28:11 Imperial Age
25:49 Gold Mining
25:49 Stone Mining
26:59 Fletching
27:44 Hand Cart
27:36 Bodkin Arrow
28:28 Padded Archer Armor
29:13 Bracer
31:00 Leather Archer Armor
31:50 Chemistry
32:06 Ballistics
32:38 Leather Archer Armor
33:06 Bloodlines
32:56 Husbandry
33:34 Conscription
33:19 Elite Mangudai
34:50 Thumb Ring
35:42 Capped Ram
38:05 Parthian Tactics
37:49 Siege Ram
38:55 Drill
41:50 Onager
42:43 Siege Engineers
42:49 Masonry
44:18 Hoardings
43:41 Town Watch
45:02 Gold Shaft Mining
45:03 Stone Shaft Mining
44:23 Siege Onager
45:11 Scale Barding Armor
45:16 Forging
44:32 Light Cavalry
48:36 Caravan
48:53 Fortified Wall
48:55 Masonry
50:58 Coinage
50:00 Sappers
Connection lost

Rejoining the realm…

Still unreachable

The connection could not be restored.

Session expired

The server has moved on; the page needs a fresh start.